 Dungeon Crawl Stone Soup version 0.30.1-1-g62c8e00024 (webtiles) character file.

Game seed: 4366095921750242395

579796 growler the Conqueror (level 25, -17/205 HPs)
             Began as a Pale Draconian Conjurer on July 14, 2023.
             Was the Champion of Vehumet.
             Killed from afar by an orb of fire (24 damage)
             ... with a bolt of fire
             ... on level 5 of the Realm of Zot on July 17, 2023.
             The game lasted 07:03:06 (79785 turns).

growler the Conqueror (Pale Draconian Conjurer)    Turns: 79785, Time: 07:03:07

Health: -17/205    AC: 21    Str: 11 (13) XL:     25   Next: 90%
Magic:  30/57      EV: 11    Int: 31 (35) God:    Vehumet [******]
Gold:   6062       SH: 14    Dex:  4 (9)  Spells: 4/48 levels left

rFire   + . .        O - staff of conjuration "Yxaceite" {rElec Will+}
rCold   + . .        R - +5 kite shield
rNeg    + . .        (body armour unavailable)
rPois   +            (helmet restricted)
rElec   +            u - +2 cloak {Will+}
rCorr   +            T - +2 pair of gloves of the Black Skies {rF+}
SInv    +            S - +2 pair of boots of Hubris {-Tele rN+ rCorr Slay+2}
Will    ++++.        j - amulet of Desejeg {RegenMP MP+9 SInv Stlth+}
Stlth   ++           I - ring of Etoluquc {rC+ MP+9 Int+3}
HPRegen 0.00/turn    U - ring "Tyolenta" {rPois Str+2 Int+6 Stlth+}
MPRegen 0.75/turn

%: no teleportation
@: silenced, marked, inhibited regen, hasted, studying Necromancy, very quick
A: breathe steam, AC +12, unfitting armour, cold-blooded, steam resistance,
clumsy 1, deterioration 2, dopey 1, frail 2, strong-willed 1, screaming 2,
inhibited regeneration
}: 3/15 runes: decaying, silver, gossamer
a: Breathe Steam, Renounce Religion


You were on level 5 of the Realm of Zot.
You worshipped Vehumet.
Vehumet was exalted by your worship.
You visited 10 branches of the dungeon, and saw 48 of its levels.
You visited 2 bazaars.

You collected 9096 gold pieces.
You spent 3034 gold pieces at shops.

Inventory:

Hand Weapons
 g - a +3 short sword of electrocution
Missiles
 J - 3 throwing nets (quivered)
Armour
 e - a +2 pair of boots
 m - the +2 pair of gloves of Duck's Teeth {Str+3 Dex+3}
   (You acquired it on level 15 of the Dungeon)

   Str:       It affects your strength (+3).
   Dex:       It affects your dexterity (+3).
 u - a +2 cloak of willpower (worn)
 R - a +5 kite shield (worn)
 S - the +2 pair of boots of Hubris (worn) {-Tele rN+ rCorr Slay+2}
   (You bought it in a shop on level 1 of the Elven Halls)

   Slay:      It affects your accuracy & damage with ranged weapons and melee
   (+2).
   rN:        It protects you from negative energy.
   -Tele:     It prevents most forms of teleportation.
   rCorr:     It protects you from acid and corrosion.
 T - the +2 pair of gloves of the Black Skies (worn) {rF+}
   (You acquired it on level 4 of the Spider Nest)

   rF:        It protects you from fire.
Magical Staves
 O - the staff of conjuration "Yxaceite" (weapon) {rElec Will+}
   (You acquired it on level 15 of the Dungeon)

   [staff of conjuration]

   Base accuracy: +5 Base damage: 5 Base attack delay: 1.2 This weapon's minimum
   attack delay (0.6) is reached at skill level 12.
   rElec:     It insulates you from electricity.
   Will:      It increases your willpower.
   It falls into the 'Staves' category.
   It is a one-handed weapon.
 P - the staff of conjuration "Lenei" {*Corrode rF++ rC+}
   (You found it on level 10 of the Dungeon)

   [staff of conjuration]

   Base accuracy: +5 Base damage: 5 Base attack delay: 1.2 This weapon's minimum
   attack delay (0.6) is reached at skill level 12.
   rF:        It greatly protects you from fire.
   rC:        It protects you from cold.
   *Corrode:  It may corrode you when you take damage.
   It falls into the 'Staves' category.
   It is a one-handed weapon.
Jewellery
 j - the amulet of Desejeg (around neck) {RegenMP MP+9 SInv Stlth+}
   (You found it on level 5 of the Vaults)

   [amulet of magic regeneration]

   It increases your rate of magic regeneration.
   MP:        It affects your magic capacity (+9).
   SInv:      It lets you see invisible.
   Stlth:     It makes you more stealthy.
 F - a ring of see invisible
 I - the ring of Etoluquc (left hand) {rC+ MP+9 Int+3}
   (You bought it in a shop on level 1 of the Depths)

   [ring of magical power]

   Int:       It affects your intelligence (+3).
   rC:        It protects you from cold.
   MP:        It affects your magic capacity (+9).
 K - a +6 ring of dexterity
 U - the ring "Tyolenta" (right hand) {rPois Str+2 Int+6 Stlth+}
   (You found it on level 5 of the Lair of Beasts)

   [ring of intelligence]

   Str:       It affects your strength (+2).
   Int:       It affects your intelligence (+6).
   rPois:     It protects you from poison.
   Stlth:     It makes you more stealthy.
 V - the ring of Jirch {rPois rC+}
   (You found it on level 15 of the Dungeon)

   [ring of poison resistance]

   rC:        It protects you from cold.
   rPois:     It protects you from poison.
 W - an amulet of regeneration
Wands
 h - a wand of mindburst (45)
 x - a wand of iceblast (28)
 y - a wand of polymorph (31)
 B - a wand of quicksilver (17)
 D - a wand of flame (138)
 G - a wand of charming (51)
 N - a wand of digging (31)
Scrolls
 b - 33 scrolls of teleportation
 d - 6 scrolls of enchant armour
 f - 5 scrolls of poison
 k - a scroll of torment
 l - 3 scrolls of fear
 n - 3 scrolls of blinking
 s - 9 scrolls of vulnerability
 t - 7 scrolls of immolation
 v - 6 scrolls of brand weapon
 E - 15 scrolls of enchant weapon
 H - a scroll of magic mapping
 X - 3 scrolls of fog
 Z - 4 scrolls of butterflies
Potions
 a - 7 potions of magic
 c - 5 potions of resistance
 i - 20 potions of curing
 o - 5 potions of mutation
 p - 6 potions of lignification
 q - 9 potions of haste
 r - 2 potions of cancellation
 w - 6 potions of might
 z - 11 potions of heal wounds
 A - 12 potions of attraction
 C - 8 potions of ambrosia
 L - 7 potions of flight
 M - 10 potions of brilliance
 Q - 6 potions of invisibility
 Y - 6 potions of berserk rage


   Skills:
 O Level 27 Fighting
 - Level 12.0 Staves
 - Level 10.1 Dodging
 - Level 1.7 Stealth
 - Level 10.0 Shields
 - Level 12.0 Spellcasting
 + Level 25.2 Conjurations
 + Level 25.9 Fire Magic
 - Level 3.9 Evocations


You had 4 spell levels left.
You knew the following spells:

 Your Spells              Type           Power      Damage    Failure   Level
a - Fire Storm            Conj/Fire      66%        8d17      5%          9
d - Fulminant Prism       Conj/Hex       49%        3d21      1%          4
e - Iskenderun's Mystic   Conj/Tloc      98%        2d19      1%          4
f - Iron Shot             Conj/Erth      49%        9d9       1%          6
g - Starburst             Conj/Fire      66%        6d17      1%          6
h - Orb of Destruction    Conj           66%        9d16      1%          7
i - Ignition              Fire           54%        3d15      1%          8

Your spell library contained the following spells:

 Spells                   Type           Power      Damage    Failure   Level
 Polar Vortex             Ice            9%         N/A       100%        9
 Foxfire                  Conj/Fire      100%       2x1d9     0%          1
 Magic Dart               Conj           100%       1d8       0%          1
 Searing Ray              Conj           100%       2d8       0%          2
 Flame Wave               Conj/Fire      100%       2d21      0%          4
 Sticky Flame             Conj/Fire      100%       2d11      0%          4
 Kiss of Death            Conj/Necr      100%       2d13      1%          1
 Sandblast                Erth           36%        2d10      1%          1
 Shock                    Conj/Air       100%       1d9       1%          1
 Dazzling Flash           Conj/Hex       100%       N/A       1%          3
 Inner Flame              Hex/Fire       78%        N/A       1%          3
 Stone Arrow              Conj/Erth      100%       3d13      1%          3
 Frozen Ramparts          Ice            36%        1d6       6%          3
 Apportation              Tloc           36%        N/A       7%          1
 Beastly Appendage        Tmut           36%        N/A       7%          1
 Necrotise                Necr           72%        1d7       7%          1
 Summon Small Mammal      Summ           72%        N/A       7%          1
 Ensorcelled Hibernation  Hex/Ice        36%        N/A       11%         2
 Passwall                 Tmut/Erth      15%        N/A       11%         2
 Sublimation of Blood     Necr           18%        N/A       11%         2
 Wereblood                Tmut           18%        N/A       11%         2
 Airstrike                Air            9%         2d(2-18)  17%         4
 Call Canine Familiar     Summ           18%        N/A       22%         3
 Confusing Touch          Hex            18%        N/A       22%         3
 Portal Projectile        Hex/Tloc       36%        N/A       22%         3
 Spider Form              Tmut/Pois      18%        N/A       22%         3
 Summon Guardian Golem    Hex/Summ       18%        N/A       22%         3
 Swiftness                Air            18%        N/A       22%         3
 Tukima's Dance           Hex            18%        N/A       22%         3
 Vampiric Draining        Necr           18%        2d7       22%         3
 Vhi's Electric Charge    Tloc/Air       36%        N/A       22%         3
 Anguish                  Hex/Necr       9%         N/A       56%         4
 Animate Dead             Necr           18%        N/A       56%         4
 Cause Fear               Hex            9%         N/A       56%         4
 Dispel Undead            Necr           18%        3d11      56%         4
 Ice Form                 Ice/Tmut       18%        N/A       56%         4
 Leda's Liquefaction      Hex/Erth       9%         N/A       56%         4
 Passage of Golubria      Tloc           18%        N/A       56%         4
 Petrify                  Tmut/Erth      18%        N/A       56%         4
 Summon Ice Beast         Ice/Summ       18%        N/A       56%         4
 Summon Lightning Spire   Summ/Air       18%        N/A       56%         4
 Fireball                 Conj/Fire      66%        3d25      0%          5
 Iskenderun's Battlesphe  Conj           100%       2d15      0%          5
 Arcjolt                  Conj/Air       49%        1d59      1%          5
 Freezing Cloud           Conj/Ice/Air   41%        6-21      1%          5
 Irradiate                Conj/Tmut      49%        3d28      1%          5
 Conjure Ball Lightning   Conj/Air       49%        3x3d17    1%          6
 Plasma Beam              Fire/Air       39%        2x1d57    1%          6
 Spellforged Servitor     Conj/Summ      49%        N/A       10%         7
 Lee's Rapid Deconstruct  Erth           9%         3d7*      43%         5
 Yara's Violent Unravell  Hex/Tmut       9%         3d6       43%         5
 Agony                    Necr           18%        N/A       89%         5
 Blade Hands              Tmut           9%         N/A       89%         5
 Borgnjor's Vile Clutch   Necr/Erth      9%         N/A       89%         5
 Silence                  Hex/Air        9%         N/A       89%         5
 Summon Forest            Summ/Tloc      9%         N/A       89%         5
 Summon Mana Viper        Hex/Summ       18%        N/A       89%         5
 Death Channel            Necr           9%         N/A       100%        6
 Statue Form              Tmut/Erth      12%        N/A       100%        6
 Summon Cactus Giant      Summ           9%         N/A       100%        6
 Dragon Form              Tmut           9%         N/A       100%        7
 Enfeeble                 Hex            9%         N/A       100%        7
 Storm Form               Tmut/Air       9%         N/A       100%        7
 Summon Hydra             Summ           9%         N/A       100%        7
 Discord                  Hex            9%         N/A       100%        8
 Disjunction              Tloc           9%         N/A       100%        8
 Maxwell's Capacitive Co  Air            9%         ∞         100%        8
 Chain Lightning          Conj/Air       49%        3d65      100%        9
 Dragon's Call            Summ           9%         N/A       100%        9
 Shatter                  Erth           9%         3d11*     100%        9
 Animate Armour           Summ/Erth      Unusable   N/A       N/A         4

Dungeon Overview and Level Annotations

Branches:
Dungeon (15/15)            Temple (1/1) D:6            Lair (5/5) D:11
  Swamp (4/4) Lair:2       Spider (4/4) Lair:3        Slime (0/5) Lair:5
    Orc (2/2) D:10            Elf (3/3) Orc:2        Vaults (5/5) D:14
  Crypt (0/3) Vaults:2     Depths (4/4) D:15            Zot (5/5) Depths:4

Altars:
Ashenzari
Cheibriados
Dithmenos
Elyvilon
Fedhas
Gozag
Hepliaklqana
Kikubaaqudgha
Makhleb
Nemelex Xobeh
Okawaru
Qazlal
Ru
Sif Muna
Trog
Uskayaw
Vehumet
Wu Jian
Xom
Yredelemnul
Zin
The Shining One

Shops:
D:11 *   D:12 :   D:14 [   Orc:2 ?[?   Elf:1 [:[**   Depths:1 ==:([
Depths:4 *

Portals:
Hell: Depths:1 Depths:2 Depths:3* Depths:4
Abyss: Depths:3
Pandemonium: Depths:2 Depths:4
Ziggurat: Depths:2

Annotations:
D:11 3 runed translucent doors, gdog's ghost, journeyman GnDe
D:15 2 transporters, booth's ghost, journeyman GrMo
Spider:4 2 transporters, BillyBaka's ghost, adept DjAE
Elf:3 1 exclusion


Innate Abilities, Weirdness & Mutations

You can breathe blasts of scalding, opaque steam.
Your pale cyan-grey scales are hard. (AC +12)
You cannot fit into any form of body armour.
You are cold-blooded and may be slowed by cold attacks.
You are immune to the effects of steam.
You are clumsy. (Dex -2)
Your body often deteriorates upon taking damage.
You are dopey. (Int -2)
You are very frail. (-20% HP)
You are strong-willed. (Will+)
You frequently scream uncontrollably at your foes.
You do not regenerate when monsters are visible.


Message History

An Orb Guardian comes into view.
The electric golem hurls lightning at you.
The bolt of lightning misses you.
The orb of fire glows yellow.
Strange energies course through your body.
You feel a strong urge to scream.
Unknown command.
The orb of fire glows bright magenta.
The fireball explodes!
The fireball engulfs you!! You resist.
Your body deteriorates!
You feel dopey. The fireball engulfs your fire vortex.
Your fire vortex completely resists.
The Killer Klown pies you viciously! The klown pie hits you!!
Blueberry!
An unnatural silence engulfs you.
* * * LOW HITPOINT WARNING * * *
Your body deteriorates!
You feel weakened.
You cannot cast spells when silenced!
You feel much better.
The orb of fire emits a lurid red light.
The bolt of fire hits you!! You resist.
* * * LOW HITPOINT WARNING * * *
You block the Orb Guardian's attack.
An orb of fire comes into view.
You feel a scream rip itself from your throat, but you make no sound!
The orb of fire glows yellow.
The bolt of fire hits you!! You resist.
* * * LOW HITPOINT WARNING * * *
Your body deteriorates!
You feel clumsy.
The Killer Klown blinks!
Unknown command.
You block the Orb Guardian's attack.
An orb of fire comes into view.
The Orb Guardian hits you.
* * * LOW HITPOINT WARNING * * *
Unknown command.
Unknown command.
The electric golem blinks!
The orb of fire glows yellow.
The bolt of fire hits you!! You resist.
You die...

##..............## #....
##^..............^## ##...
##...........^......## #...
#.............$......# ##..
#....................# #..
#....................# ##..
#..............[.....# #.^.
#.......^....).......# ##...
#.^......^^@.....[..)###...[
##^....^......[.....###...##
##...^...X..*.....##....##
##.........).....^...###
▓▓...*8##▓▓▓▓▓▓▓▓▓▓▓#
▓▓...............▓▓▓▓
▓▓......*...p........▓**
▓▓......§..............,**
▓......................,,* *


You could see 3 orbs of fire and an Orb Guardian.

Vanquished Creatures
  6 orbs of fire
  2 ancient liches
  Mennas (Depths:4)
  Mara (Depths:2)
  2 juggernauts
  5 Killer Klowns
  Bai Suzhen (Vaults:4)
  Saint Roka (Depths:4)
  4 curse toes
  Jory (Vaults:2)
  Nikola (Depths:2)
  A bone dragon (Depths:4)
  Arachne (Spider:1)
  8 golden dragons
  13 tentacled monstrosities
  An electric golem (Zot:5)
  7 titans
  23 Orb Guardians (Zot:5)
  2 deep elf blademasters
  2 deep elf master archers (Elf:3)
  4 liches
  9 quicksilver dragons
  11 death cobs
  6 sphinxes
  14 storm dragons
  5 tengu reavers
  2 thorn hunters
  11 shadow dragons
  4 fire giants
  4 draconian monks
  2 fenstrider witches
  9 draconian knights
  5 deep elf sorcerers
  9 emperor scorpions
  11 draconian scorchers
  17 vault wardens
  3 iron dragons
  7 draconian shifters
  7 frost giants
  7 draconian annihilators
  Aizul (Vaults:4)
  2 balrugs (Depths:1)
  10 draconian stormcallers
  10 ghost moths
  3 war gargoyles
  3 spriggan defenders (Depths:3)
  25 ironbound preservers
  2 deep elf elementalists (Elf:3)
  8 ironbound thunderhulks
  20 very ugly things
  A reaper (Depths:1)
  2 vampire knights
  A broodmother (Spider:2)
  12 stone giants
  12 green draconians
  8 deep elf annihilators
  11 yellow draconians
  13 deep elf demonologists
  10 white draconians
  26 black draconians
  4 dire elephants (Vaults:1)
  4 eleionomae
  19 purple draconians
  Azrael (D:14)
  24 red draconians
  6 bunyips
  2 eidola (Vaults:2)
  14 spark wasps
  7 deep elf death magi
  Josephine (Lair:5)
  A blizzard demon (Depths:1)
  11 fire dragons
  6 ettins
  2 jiangshi (Depths:1)
  2 entropy weavers
  19 yaktaur captains
  3 shambling mangroves
  8 deep elf high priests
  8 great orbs of eyes
  2 hell beasts (Depths:1)
  Erolcha (Orc:1)
  25 hydras
  A catoblepas (Lair:5)
  2 rakshasas (Depths:3)
  A peacekeeper (Vaults:3)
  4 ogre magi
  11 ice dragons
  18 centaur warriors
  11 ironbound frosthearts
  4 jorogumos
  2 spriggan air magi
  A ghost crab (Swamp:4)
  30 vault guards
  10 death yaks
  2 radroaches
  8 boulder beetles
  17 dancing weapons
  14 two-headed ogres
  3 alligators
  8 deep troll shamans
  6 tengu warriors
  An orc high priest (Orc:2)
  2 vampire magi
  10 deep troll earth magi
  13 hell knights
  A sun demon (Depths:1)
  3 spriggan berserkers
  8 deep elf knights
  2 sun moths
  Amaemon (Lair:3)
  4 goliath frogs
  3 skysharks
  4 pharaoh ants
  A sixfirhy (Depths:1)
  5 iron trolls
  A shadow wraith (Vaults:5)
  3 skeletal warriors (D:14)
  9 orb spiders
  2 glowing orange brains
  3 flayed ghosts
  A spriggan druid (Swamp:2)
  85 deep trolls
  14 ironbound convokers
  7 wizards
  A shadow demon (Depths:2)
  5 bog bodies
  3 orc knights
  11 swamp dragons
  Pikel (D:3)
  4 steelbarb worms
  8 deep elf archers
  2 lindwurms (shapeshifter) (Vaults:5)
  10 lindwurms
  3 phantasmal warriors
  4 necromancers
  4 harpies (Vaults:1)
  25 deep elf pyromancers
  4 orc sorcerers (Orc:2)
  An obsidian statue (Depths:1)
  A human zombie (Vaults:3)
  21 deep elf zephyrmancers
  19 wolf spiders
  29 ugly things
  A wolf spider (shapeshifter) (D:9)
  6 cyclopes
  2 manticores
  6 will-o-the-wisps
  A manticore (shapeshifter) (Vaults:5)
  35 moths of wrath
  18 elephants
  A black mamba (Lair:4)
  Joseph (D:8)
  A black mamba (shapeshifter) (D:14)
  2 demonic crawlers
  2 smoke demons (Depths:1)
  3 orange demons
  26 vault sentinels
  18 cane toads
  An unseen horror (D:11)
  A gargoyle (D:10)
  Maggie (D:8)
  An unseen horror (shapeshifter) (Depths:4)
  2 torpor snails
  A rime drake (shapeshifter) (D:13)
  3 rime drakes
  2 ice devils
  An efreet (D:15)
  16 yaktaurs
  12 komodo dragons
  3 kobold demonologists (D:12)
  2 freezing wraiths
  A tengu conjurer (Depths:2)
  A tormentor (Depths:4)
  3 red devils
  3 meliai (Spider:1)
  4 trolls
  7 tyrant leeches
  3 polar bears
  32 tarantellas
  22 blink frogs
  15 hornets
  Prince Ribbit (D:6)
  6 dream sheep (Lair:5)
  A jumping spider (shapeshifter) (D:14)
  19 slime creatures
  Sigmund (D:5)
  18 culicivoras
  13 spriggans
  A vampire (D:12)
  2 ynoxinuls (Depths:1)
  35 jumping spiders
  4 fire bats (D:13)
  8 wraiths
  43 yaks
  7 water elementals
  9 wyverns
  5 basilisks
  3 chaos spawn (Depths:4)
  5 fire elementals
  57 redbacks
  18 vampire mosquitoes
  A neqoxec (Depths:1)
  A yak (shapeshifter) (D:15)
  Menkaure (D:7)
  A redback simulacrum (D:14)
  4 wargs
  A swamp worm (shapeshifter) (Depths:3)
  5 hell hounds
  17 swamp worms
  10 water moccasins
  Duvessa (D:7)
  An acid dragon (D:9)
  An acid dragon (shapeshifter) (Vaults:5)
  8 swamp drakes
  An ice beast (D:8)
  A glowing shapeshifter skeleton (Vaults:3)
  A black bear (Lair:1)
  23 orc warriors
  13 centaurs
  10 ogres
  23 wolves
  A lemure (D:3)
  2 phantoms
  5 kobold brigands
  19 bullfrogs
  6 earth elementals
  3 gnoll sergeants
  A scorpion (D:7)
  15 wights
  Dowan (D:7)
  14 killer bees (D:9)
  10 electric eels
  7 howler monkeys
  4 lava snakes
  2 jellies
  24 orc priests
  5 hounds
  A human simulacrum (Vaults:3)
  A gnoll bouda (D:6)
  3 iron imps (D:6)
  A sleepcap (D:6)
  3 iguanas
  21 orc wizards
  25 gnolls
  8 adders
  A shadow imp (D:6)
  6 white imps
  An ufetubus (D:5)
  A worm (D:3)
  4 dart slugs
  77 orcs
  4 ball pythons
  A bat (D:2)
  An endoplasm (D:1)
  3 giant cockroaches
  8 goblins
  9 hobgoblins
  19 kobolds
  3 quokkas
  2 rats (D:2)
  6 fire vortices
  A fulminant prism (Spider:3)
2041 creatures vanquished.

Vanquished Creatures (collateral kills)
  A golden dragon (Zot:4)
  2 storm dragons (Zot:3)
  A ghost moth (Zot:5)
  2 draconian shifters
  2 green draconians
  A black draconian (Zot:4)
  A white draconian (Zot:4)
10 creatures vanquished.

Vanquished Creatures (others)
  A ghost moth (Zot:4)
  Psyche (D:8)
  104 fire vortices
  22 foxfires
  288 fulminant prisms
416 creatures vanquished.

Grand Total: 2467 creatures vanquished

Notes
Turn   | Place    | Note
-------+----------+-------------------------------------------
     0 | D:1      | growler the Draconian Conjurer began the quest for the Orb.
     0 | D:1      | Reached XP level 1. HP: 14/14 MP: 3/3
   302 | D:1      | Reached XP level 2. HP: 20/20 MP: 0/5
   305 | D:1      | Learned a level 2 spell: Searing Ray
  1032 | D:2      | Reached XP level 3. HP: 26/26 MP: 2/7
  1921 | D:3      | Noticed a phantom
  1932 | D:2      | Killed a phantom
  1933 | D:2      | Reached skill level 5 in Conjurations
  1933 | D:2      | Reached XP level 4. HP: 33/33 MP: 6/9
  1937 | D:2      | Learned a level 3 spell: Dazzling Flash
  2140 | D:2      | Reached XP level 5. HP: 27/38 MP: 3/10
  2203 | D:2      | Learned a level 4 spell: Fulminant Prism
  2773 | D:3      | Reached XP level 6. HP: 32/45 MP: 5/12
  3297 | D:3      | Found a faded altar of an unknown god.
  3460 | D:4      | Noticed Pikel
  3534 | D:3      | Killed Pikel
  3535 | D:3      | Reached skill level 5 in Spellcasting
  3535 | D:3      | Your scales start taking on a pale cyan-grey colour.
  3535 | D:3      | Reached XP level 7. HP: 19/50 MP: 3/14
  3535 | D:3      | Gained mutation: You are immune to the effects of steam.
                  | [Pale Draconian growth]
  4282 | D:4      | Learned a level 4 spell: Iskenderun's Mystic Blast
  4540 | D:5      | Entered Level 5 of the Dungeon
  4547 | D:4      | Reached XP level 8. HP: 50/57 MP: 11/15
  4723 | D:5      | Noticed Sigmund
  4726 | D:5      | Killed Sigmund
  4727 | D:5      | Reached skill level 1 in Fighting
  4815 | D:5      | Reached skill level 2 in Fighting
  5057 | D:5      | Found a shimmering altar of Xom.
  5514 | D:6      | Found a burning altar of Makhleb.
  5537 | D:6      | Reached skill level 3 in Fighting
  5747 | D:6      | Found a staircase to the Ecumenical Temple.
  5789 | Temple   | Entered the Ecumenical Temple
  6078 | D:6      | Reached XP level 9. HP: 63/70 MP: 10/18
  6402 | D:6      | Noticed Prince Ribbit
  6407 | D:6      | Killed Prince Ribbit
  6408 | D:6      | Reached skill level 4 in Fighting
  6671 | D:7      | Reached skill level 10 in Conjurations
  6745 | D:7      | Noticed Duvessa
  6751 | D:7      | Noticed Dowan
  6754 | D:7      | Killed Dowan
  6754 | D:7      | Killed Duvessa
  6831 | D:7      | Reached skill level 5 in Fighting
  6898 | D:7      | Noticed Menkaure
  6905 | D:7      | Killed Menkaure
  6906 | D:7      | Reached skill level 5 in Dodging
  7490 | D:8      | Noticed Psyche
  7498 | D:8      | Killed Psyche
  7499 | D:8      | Reached XP level 10. HP: 61/83 MP: 3/20
  7590 | D:8      | Reached skill level 6 in Fighting
  7594 | D:8      | Noticed Maggie
  7669 | D:8      | Noticed Joseph
  7688 | D:8      | Killed Joseph
  7907 | D:8      | Killed Maggie
  8242 | D:8      | Found an iron altar of Okawaru.
  8242 | D:8      | Found a shimmering blue altar of Sif Muna.
  8395 | D:8      | Found a glowing golden altar of the Shining One.
  8401 | D:8      | Found a blossoming altar of Fedhas.
  8401 | D:8      | Found a radiant altar of Vehumet.
  8406 | D:8      | Became a worshipper of Vehumet
  8723 | D:9      | Reached skill level 7 in Fighting
  8990 | D:9      | Paralysed by a hornet for 3 turns
  8993 | D:9      | Noticed a cyclops
  9661 | D:9      | Killed a cyclops
  9662 | D:9      | Reached skill level 8 in Fighting
  9697 | D:9      | Noticed a two-headed ogre
  9700 | D:9      | Reached * piety under Vehumet
  9700 | D:9      | Offered knowledge of Kiss of Death by Vehumet.
  9721 | D:9      | Killed a two-headed ogre
  9722 | D:9      | Reached XP level 11. HP: 72/94 MP: 1/21
  9845 | D:9      | Noticed a centaur warrior
  9853 | D:9      | Killed a centaur warrior
 10111 | D:9      | Noticed a deep elf pyromancer
 10113 | D:9      | Noticed a boulder beetle
 10161 | D:9      | Killed a deep elf pyromancer
 10561 | D:9      | Killed a boulder beetle
 10695 | D:9      | Reached skill level 9 in Fighting
 10812 | D:9      | Noticed a boulder beetle
 10874 | D:9      | Noticed a glowing orange brain
 10875 | D:9      | a glowing orange brain changed into a wolf spider
 10875 | D:9      | Noticed a wolf spider (shapeshifter)
 10882 | D:9      | Killed a wolf spider
 11270 | D:9      | Noticed a boulder beetle
 11432 | D:9      | Noticed a skeletal warrior
 11465 | D:9      | Killed a boulder beetle
 12237 | D:9      | Noticed a five-headed hydra
 12273 | D:9      | Killed a five-headed hydra
 12706 | D:9      | Noticed a green ugly thing
 12854 | D:9      | Killed a boulder beetle
 12855 | D:9      | Reached skill level 10 in Fighting
 12953 | D:9      | Killed a green ugly thing
 13043 | D:9      | Noticed a five-headed hydra
 13052 | D:9      | Killed a five-headed hydra
 13247 | D:10     | Entered Level 10 of the Dungeon
 13303 | D:10     | Found a snail-covered altar of Cheibriados.
 13306 | D:10     | Noticed a two-headed ogre
 13316 | D:10     | Killed a two-headed ogre
 13369 | D:10     | Identified the staff of conjuration "Lenei" {*Corrode rF++
                  | rC+}
 13499 | D:10     | Noticed a two-headed ogre
 13506 | D:10     | Killed a two-headed ogre
 13516 | D:10     | Reached skill level 11 in Fighting
 13516 | D:10     | Reached XP level 12. HP: 108/110 MP: 10/22
 13550 | D:10     | Found a staircase to the Orcish Mines.
 13668 | D:10     | Found a sacrificial altar of Ru.
 13707 | D:10     | Noticed a two-headed ogre
 13717 | D:10     | Killed a two-headed ogre
 13835 | D:10     | Noticed a two-headed ogre
 13853 | D:10     | Killed a two-headed ogre
 13932 | D:10     | Found a stormy altar of Qazlal.
 14052 | D:11     | Noticed a two-headed ogre
 14063 | D:11     | Killed a two-headed ogre
 14372 | D:11     | Found a staircase to the Lair.
 14386 | D:11     | Found Buigh's Assorted Antiques.
 14500 | D:11     | Found a runed translucent gate.
 14502 | D:11     | Found a runed translucent gate.
 14502 | D:11     | Found a runed translucent gate.
 14509 | D:11     | Offered knowledge of Shock by Vehumet.
 14509 | D:11     | Noticed gdog's ghost (journeyman GnDe)
 14602 | D:11     | Reached skill level 12 in Fighting
 14731 | D:11     | Noticed a boulder beetle
 14747 | D:11     | Killed a boulder beetle
 14747 | D:11     | Reached ** piety under Vehumet
 15316 | Lair:1   | Entered Level 1 of the Lair of Beasts
 15749 | Lair:1   | Noticed a death yak
 15754 | Lair:1   | Noticed a death yak
 15774 | Lair:1   | Noticed a death yak
 15774 | Lair:1   | Noticed a death yak
 15775 | Lair:1   | Noticed a death yak
 15809 | Lair:1   | Killed a death yak
 15824 | Lair:1   | Killed a death yak
 16056 | Lair:1   | Killed a death yak
 16061 | Lair:1   | Killed a death yak
 16062 | Lair:1   | Reached skill level 13 in Fighting
 16065 | Lair:1   | Killed a death yak
 16384 | Lair:2   | Noticed a four-headed hydra
 16397 | Lair:2   | Killed a four-headed hydra
 16398 | Lair:2   | Reached skill level 15 in Conjurations
 17029 | Lair:2   | Offered knowledge of Mephitic Cloud by Vehumet.
 17030 | Lair:2   | Reached XP level 13. HP: 122/122 MP: 14/23
 17549 | Lair:2   | Reached *** piety under Vehumet
 17565 | Lair:2   | Learned a level 6 spell: Iron Shot
 17736 | Lair:2   | Reached skill level 14 in Fighting
 17813 | Lair:2   | Found a staircase to the Swamp.
 18958 | Lair:3   | Offered knowledge of Inner Flame by Vehumet.
 19196 | Lair:3   | Found a hole to the Spider Nest.
 19398 | Lair:3   | Reached **** piety under Vehumet
 19414 | Lair:3   | Noticed Amaemon
 19427 | Lair:3   | Killed Amaemon
 19431 | Lair:3   | Offered knowledge of Hailstorm by Vehumet.
 20230 | Lair:4   | Reached skill level 15 in Fighting
 20729 | Lair:4   | Reached XP level 14. HP: 118/136 MP: 8/24
 20947 | Lair:4   | Learned a level 6 spell: Starburst
 21040 | Lair:4   | Reached skill level 1 in Fire Magic
 21505 | Lair:5   | Entered Level 5 of the Lair of Beasts
 21558 | Lair:4   | Reached skill level 16 in Fighting
 21563 | Lair:4   | Reached ***** piety under Vehumet
 21729 | Lair:5   | Offered knowledge of Airstrike by Vehumet.
 22208 | Lair:5   | Found a staircase to the Slime Pits.
 22266 | Lair:5   | Noticed Josephine
 22275 | Lair:5   | Killed Josephine
 22297 | Lair:5   | Reached skill level 5 in Fire Magic
 22498 | Lair:5   | Offered knowledge of Sticky Flame by Vehumet.
 22957 | Lair:5   | Identified the ring "Tyolenta" {rPois Str+2 Int+6 Stlth+}
 23319 | Lair:5   | Identified a scroll of acquirement
 23319 | Lair:5   | Acquired a book of the Spheres
 23533 | Orc:1    | Entered Level 1 of the Orcish Mines
 23805 | Orc:2    | Entered Level 2 of the Orcish Mines
 23807 | Orc:2    | Found a staircase to the Elven Halls.
 23926 | Orc:2    | Reached skill level 17 in Fighting
 24761 | Orc:2    | Found Dibilamen's Armour Shoppe.
 24761 | Orc:2    | Found Paczicw's Antique Weapon Emporium.
 24762 | Orc:2    | Found Osuyst's Magic Scroll Emporium.
 24766 | Orc:2    | Found Vicebb's Magic Scroll Shoppe.
 24770 | Orc:2    | Bought a scroll of acquirement for 572 gold pieces
 24771 | Orc:2    | Bought a scroll of acquirement for 676 gold pieces
 25239 | Orc:1    | Noticed Erolcha
 25254 | Orc:1    | Killed Erolcha
 25255 | Orc:1    | Reached XP level 15. HP: 137/147 MP: 15/28
 25596 | D:12     | Offered knowledge of Freezing Cloud by Vehumet.
 25763 | D:12     | Found Dutur's Book Shoppe.
 26233 | D:13     | Identified the +3 leather armour of Resilience {+Inv Regen+
                  | Str-4 Stlth+}
 26476 | D:13     | Identified the +8 dagger of Gaipniesk {flame, *Noise rF+
                  | rN+ Dex+8}
 27150 | D:14     | Noticed Azrael
 27157 | D:14     | Reached skill level 18 in Fighting
 27160 | D:14     | Killed Azrael
 27306 | D:14     | Found Dunwigug's Armour Boutique.
 27407 | D:14     | Reached skill level 10 in Fire Magic
 27610 | D:14     | Found a gate to the Vaults.
 27663 | D:14     | Found a shadowy altar of Dithmenos.
 27773 | D:14     | Offered knowledge of Arcjolt by Vehumet.
 28045 | D:15     | Entered Level 15 of the Dungeon
 28174 | D:15     | Found a transporter.
 28180 | D:15     | Identified the +5 great mace of the Sea {flame, Dex+4
                  | Stlth-}
 28180 | D:15     | Noticed a fire giant
 28180 | D:15     | Noticed booth's ghost (journeyman GrMo)
 28183 | D:15     | Noticed a fire giant
 28250 | D:15     | Reached skill level 10 in Spellcasting
 28419 | D:15     | Identified the ring of Jirch {rPois rC+}
 28606 | D:15     | Found a staircase to the Depths.
 29079 | D:15     | Found a transporter.
 29177 | D:15     | Acquired the +2 pair of gloves of Duck's Teeth {Str+3
                  | Dex+3}
 29190 | D:15     | Acquired the staff of conjuration "Yxaceite" {rElec Will+}
 29443 | Spider:1 | Entered Level 1 of the Spider Nest
 29742 | Spider:1 | Learned a level 7 spell: Orb of Destruction
 29875 | Spider:1 | Reached XP level 16. HP: 157/157 MP: 22/30
 30348 | Spider:1 | Offered knowledge of Eringya's Noxious Bog by Vehumet.
 30349 | Spider:1 | Reached skill level 1 in Shields
 31577 | Spider:2 | Noticed Arachne
 31816 | Spider:1 | Killed Arachne
 32740 | Spider:1 | Offered knowledge of Ozocubu's Refrigeration by Vehumet.
 33255 | Spider:2 | Reached skill level 5 in Shields
 34972 | Swamp:1  | Entered Level 1 of the Swamp
 35172 | Lair:2   | Reached skill level 10 in Dodging
 35446 | Swamp:1  | Identified the +0 trident of Sunlight {distort, *Rage rC+
                  | Will- Dex+8}
 35462 | Swamp:1  | You fall into a shaft and drop 1 floor!
 36037 | Swamp:2  | Reached XP level 17. HP: 157/163 MP: 2/31
 36129 | Swamp:2  | Reached skill level 1 in Staves
 36487 | Swamp:2  | Identified the +3 war axe of Cobwebs {heavy, rC++ Int+2}
 37115 | Swamp:3  | Reached ****** piety under Vehumet
 37202 | Swamp:3  | Offered knowledge of Lehudib's Crystal Spear by Vehumet.
 37761 | Swamp:4  | Entered Level 4 of the Swamp
 38290 | Swamp:4  | Reached skill level 5 in Staves
 39173 | Swamp:4  | Got a decaying rune of Zot
 39615 | Spider:4 | Entered Level 4 of the Spider Nest
 40134 | Spider:4 | Found a transporter.
 40135 | Spider:4 | Noticed BillyBaka's ghost (adept DjAE)
 40173 | Spider:4 | Found a transporter.
 40633 | Spider:4 | Offered knowledge of Fire Storm by Vehumet.
 40633 | Spider:4 | Offered knowledge of Polar Vortex by Vehumet.
 40633 | Spider:4 | Offered knowledge of Ignition by Vehumet.
 40925 | Spider:4 | Reached XP level 18. HP: 172/172 MP: 19/32
 40972 | Spider:4 | Reached skill level 10 in Shields
 41367 | Spider:4 | Got a gossamer rune of Zot
 41707 | Vaults:1 | Entered Level 1 of the Vaults
 42838 | Vaults:1 | Identified the +2 scimitar of Zufe {flame, Dex+5}
 43089 | Vaults:1 | You fall into a shaft and drop 1 floor!
 43207 | Vaults:2 | Found a flickering gateway to a bazaar.
 43228 | Bazaar   | Entered a bazaar
 43228 | Bazaar   | Found Gyja's Distillery.
 43228 | Bazaar   | Found Ysugenar's Weapon Boutique.
 43228 | Bazaar   | Found Vohethri's Magic Scroll Boutique.
 43228 | Bazaar   | Found Vogopnat's Book Shop.
 43318 | Bazaar   | Bought a scroll of enchant armour for 60 gold pieces
 43318 | Bazaar   | Bought a scroll of magic mapping for 60 gold pieces
 43318 | Bazaar   | Bought a scroll of magic mapping for 60 gold pieces
 43320 | Bazaar   | Bought a potion of cancellation for 104 gold pieces
 43320 | Bazaar   | Bought a potion of heal wounds for 65 gold pieces
 43490 | Vaults:1 | Reached skill level 10 in Staves
 45045 | Vaults:2 | Reached XP level 19. HP: 179/179 MP: 11/33
 45145 | Vaults:2 | Found a staircase to the Crypt.
 45163 | Vaults:2 | Identified the +0 robe "Maliom" {Harm}
 45172 | Vaults:2 | Noticed Jory
 45234 | Vaults:2 | Killed Jory
 46685 | Vaults:3 | Paralysed by a great orb of eyes for 2 turns
 48036 | Vaults:3 | Reached skill level 15 in Fire Magic
 48223 | Vaults:3 | Acquired the +2 pair of gloves of the Black Skies {rF+}
 49200 | Vaults:4 | Reached XP level 20. HP: 187/187 MP: 28/36
 49697 | Vaults:4 | Noticed Bai Suzhen
 49704 | Vaults:4 | Killed Bai Suzhen
 49775 | Vaults:4 | Identified the +7 dagger "Lit Cuox" {protect, Dex+2}
 49930 | Vaults:4 | Reached skill level 1 in Evocations
 50203 | Vaults:4 | Noticed Aizul
 50209 | Vaults:4 | Killed Aizul
 51249 | Elf:1    | Entered Level 1 of the Elven Halls
 51343 | Elf:1    | Found Vulownenir's Antique Armour Emporium.
 51477 | Elf:1    | Found Runuh's Armour Shoppe.
 51544 | Elf:1    | Found Hemewore's General Store.
 51565 | Elf:1    | Bought a +1 cloak of willpower for 280 gold pieces
 51841 | Elf:1    | Found Kiupsylemi's Book Emporium.
 52025 | Elf:1    | Got Wuri's Enchiridion on the Missiles
 52140 | Elf:1    | Found Tumuolaok's General Store.
 52967 | Elf:2    | Found a runed translucent gate.
 52967 | Elf:2    | Found a runed translucent gate.
 52967 | Elf:2    | Found a runed translucent gate.
 53021 | Elf:2    | Identified the +3 morningstar of the Loving Sybil {protect,
                  | rF+ Int+3}
 53130 | Elf:3    | Entered Level 3 of the Elven Halls
 53545 | Elf:3    | Found a frozen archway.
 53552 | Elf:3    | Reached skill level 19 in Fighting
 53771 | Elf:3    | Found a gateway to a bazaar.
 53869 | Elf:3    | Identified the +3 war axe of Dercheev {heavy, rCorr}
 54892 | Elf:3    | Learned a level 8 spell: Ignition
 54973 | Elf:3    | Reached XP level 21. HP: 189/196 MP: 37/37
 54982 | Bazaar   | Entered a bazaar
 54982 | Bazaar   | Found Olikhit's Antique Weapon Shoppe.
 54982 | Bazaar   | Found Bios's Book Emporium.
 54987 | Bazaar   | Found Huluf's Book Shoppe.
 55003 | Bazaar   | Found Qoruostru's Antique Armour Emporium.
 55048 | Elf:2    | HP: 9/200 [deep elf zephyrmancer/bolt of lightning (10)]
 55458 | Elf:3    | Identified the staff of earth "Qiebeakkot" {rCorr Str+4
                  | Int+2 Dex+2}
 55547 | Elf:3    | Identified the +0 quarterstaff of Red Wine {elec, rN+
                  | Int+4}
 55632 | Elf:3    | Identified the staff of poison "Ekhut" {+Blink rPois rCorr}
 55665 | Elf:3    | Got Vixire's Papyrus of Psychosis
 55725 | Elf:3    | Identified the staff of death "Befeor" {rN+ Dex+7}
 55728 | Elf:3    | Identified the staff of air "Vubosare" {rElec rPois Dex+3}
 55959 | Elf:3    | Found an ancient bone altar of Kikubaaqudgha.
 56182 | Depths:1 | Entered Level 1 of the Depths
 56196 | Depths:1 | Learned a level 9 spell: Fire Storm
 56204 | Depths:1 | Found Hank's Book Boutique.
 56204 | Depths:1 | Found Rasavie's Jewellery Emporium.
 56205 | Depths:1 | Found Gyar's Jewellery Emporium.
 56276 | Depths:1 | Reached skill level 20 in Fighting
 56321 | Depths:1 | Bought the ring of Etoluquc {rC+ MP+9 Int+3} for 765 gold
                  | pieces
 56699 | Depths:1 | Found Sipli's Superior Scales.
 57167 | Depths:1 | Found Yjeturit's Weapon Emporium.
 57378 | Depths:1 | Found a gateway to Hell.
 57795 | Depths:1 | Identified the scarf of the Muttering Gods {shadows, rC++}
 58484 | Depths:2 | Noticed Mara
 58496 | Depths:2 | Killed Mara
 58600 | Depths:2 | Acquired 1054 gold pieces
 58621 | Depths:2 | Found a one-way gateway to a ziggurat.
 58631 | Depths:2 | Reached skill level 21 in Fighting
 58716 | Depths:2 | Found a one-way gate leading to the halls of Pandemonium.
 59146 | Depths:2 | Found a snail-covered altar of Cheibriados.
 59231 | Depths:2 | Noticed Nikola
 59235 | Depths:2 | Killed Nikola
 60237 | Depths:3 | Reached XP level 22. HP: 212/214 MP: 27/38
 60419 | Depths:3 | Reached skill level 22 in Fighting
 60828 | Depths:3 | Found a one-way gate to the infinite horrors of the Abyss.
 61035 | Depths:3 | Found a faded altar of an unknown god.
 61410 | Depths:3 | Noticed a juggernaut
 61425 | Depths:3 | Killed a juggernaut
 61887 | Depths:4 | Entered Level 4 of the Depths
 61963 | Depths:4 | Found Typyiry's Assorted Antiques.
 62016 | Depths:4 | Noticed Saint Roka
 62022 | Depths:4 | Killed Saint Roka
 62023 | Depths:4 | Reached skill level 23 in Fighting
 62846 | Depths:4 | Noticed Mennas
 63482 | Depths:4 | Killed Mennas
 63770 | Depths:4 | Noticed Parghit
 64010 | Depths:4 | Found a gate to the Realm of Zot.
 64043 | Depths:4 | Parghit changed into Parghit the juggernaut
 64043 | Depths:4 | Noticed Parghit
 64048 | Depths:4 | Killed Parghit the juggernaut
 65268 | Vaults:5 | Entered Level 5 of the Vaults
 65283 | Vaults:5 | Reached XP level 23. HP: 139/224 MP: 32/39
 65733 | Vaults:5 | Reached skill level 24 in Fighting
 66090 | Vaults:5 | Identified the +8 plate armour of Sin {rF- rC+ Str+6}
 66962 | Vaults:5 | Identified the +7 chain mail "Sutatas" {Drain Will+ rCorr
                  | Str+3}
 66965 | Vaults:5 | Identified the amulet of Desejeg {RegenMP MP+9 SInv Stlth+}
 67014 | Vaults:5 | Got a silver rune of Zot
 67218 | Vaults:5 | Identified the +5 rapier of Honour {heavy, Will+ Int+4}
 67367 | Vaults:5 | Acquired 626 gold pieces
 67476 | Vaults:5 | Noticed an ancient lich
 67479 | Vaults:5 | Killed an ancient lich
 68381 | Zot:1    | Entered Level 1 of the Realm of Zot
 68909 | Zot:1    | HP: 5/222 [red draconian scorcher/damnation[a white
                  | draconian stormcaller] (20)]
 70553 | Zot:2    | Noticed an orb of fire
 70676 | Zot:2    | Gained mutation: Potions are less effective at restoring
                  | your health. [an orb of fire]
 70681 | Zot:2    | Killed an orb of fire
 70805 | Zot:2    | Reached skill level 25 in Fighting
 70805 | Zot:2    | Reached XP level 24. HP: 223/242 MP: 39/39
 71186 | Zot:2    | Noticed a Killer Klown
 71204 | Zot:2    | Killed a Killer Klown
 71467 | Zot:2    | Noticed a Killer Klown
 71476 | Zot:2    | Killed a Killer Klown
 74150 | Zot:4    | Reached skill level 26 in Fighting
 75196 | Zot:4    | Reached XP level 25. HP: 251/253 MP: 34/39
 76740 | Elf:1    | Bought the +2 pair of boots of Hubris {-Tele rN+ rCorr
                  | Slay+2} for 392 gold pieces
 77148 | Zot:5    | Entered Level 5 of the Realm of Zot
 78103 | Zot:5    | Noticed an ancient lich
 78107 | Zot:5    | Killed an ancient lich
 78147 | Zot:5    | Noticed an orb of fire
 78148 | Zot:5    | Noticed a Killer Klown
 78150 | Zot:5    | Gained mutation: You are weak. (Str -2) [an orb of fire]
 78152 | Zot:5    | Killed a Killer Klown
 78180 | Zot:5    | Gained mutation: Your body sometimes deteriorates upon
                  | taking damage. [an orb of fire]
 78183 | Zot:5    | Killed an orb of fire
 78399 | Zot:5    | Lost mutation: Potions are less effective at restoring your
                  | health. [potion of mutation]
 78399 | Zot:5    | Lost mutation: You are weak. (Str -2) [potion of mutation]
 78399 | Zot:5    | Gained mutation: You are strong-willed. (Will+) [potion of
                  | mutation]
 78399 | Zot:5    | Gained mutation: You possess an exceptional clarity of
                  | mind. [potion of mutation]
 78410 | Zot:5    | Noticed a Killer Klown
 78415 | Zot:5    | Killed a Killer Klown
 78449 | Zot:5    | Noticed an orb of fire
 78456 | Zot:5    | Killed an orb of fire
 78568 | Zot:5    | Noticed an orb of fire
 78571 | Zot:5    | Gained mutation: You are weak. (Str -2) [an orb of fire]
 78573 | Zot:5    | Killed an orb of fire
 78735 | Zot:5    | Noticed an orb of fire
 78743 | Zot:5    | Gained mutation: You occasionally lose the ability to read
                  | scrolls when taking damage. [an orb of fire]
 78745 | Zot:5    | Killed an orb of fire
 78909 | Zot:5    | Lost mutation: You occasionally lose the ability to read
                  | scrolls when taking damage. [potion of mutation]
 78909 | Zot:5    | Lost mutation: You are weak. (Str -2) [potion of mutation]
 78909 | Zot:5    | Gained mutation: You are clumsy. (Dex -2) [potion of
                  | mutation]
 78941 | Zot:5    | Reached skill level 27 in Fighting
 79027 | Zot:5    | Gained mutation: Your body often deteriorates upon taking
                  | damage. [mutagenic glow]
 79035 | Zot:5    | Lost mutation: You possess an exceptional clarity of mind.
                  | [mutagenic glow]
 79048 | Zot:5    | Gained mutation: You are dopey. (Int -2) [mutagenic glow]
 79430 | Zot:5    | Noticed an orb of fire
 79447 | Zot:5    | Gained mutation: You occasionally shout uncontrollably at
                  | your foes. [an orb of fire]
 79448 | Zot:5    | Gained mutation: You do not regenerate when monsters are
                  | visible. [an orb of fire]
 79451 | Zot:5    | Killed an orb of fire
 79747 | Zot:5    | Noticed a Killer Klown
 79756 | Zot:5    | Killed a Killer Klown
 79771 | Zot:5    | Noticed a Killer Klown
 79772 | Zot:5    | Noticed an orb of fire
 79772 | Zot:5    | Gained mutation: You are frail. (-10% HP) [an orb of fire]
 79773 | Zot:5    | Noticed an orb of fire
 79773 | Zot:5    | Gained mutation: You are very frail. (-20% HP) [an orb of
                  | fire]
 79777 | Zot:5    | Gained mutation: You frequently scream uncontrollably at
                  | your foes. [an orb of fire]
 79780 | Zot:5    | Noticed an orb of fire
 79782 | Zot:5    | Noticed an orb of fire
 79782 | Zot:5    | HP: 7/205 [Orb Guardian (5)]
 79785 | Zot:5    | Killed from afar by an orb of fire

Illustrated notes

Levels and vault maps discovered:
D:1:      eino_arrival_tree_alley, layout_basic
D:2:      minmay_skewed_foursquare, layout_basic
D:3:      layout_basic, shapermc_ecumenical_altar_mp_urbaneastern,
          grunt_ministairs_12, minmay_misc_feat_columns
D:4:      layout_loops_ring, uniq_pikel
D:5:      cheibrodos_quashed, layout_rooms, xom_teletrap_fun, uniq_sigmund
D:6:      layout_basic, demons_altar, minmay_temple_entry_wispy,
          kennysheep_generic_room_6, uniq_prince_ribbit1
D:7:      layout_loops_cross, uniq_menkaure, uniq_duvessa
D:8:      layout_rooms, minitemple, nicolae_overflow_two_pavilions,
          nrook_loot_triangle, chequers_serial_rivers_room_b, uniq_maggie,
          uniq_joseph, uniq_psyche
D:9:      minmay_the_grid_octo_tiled_octocenter [minmay_the_grid_octo_odd_swirl,
          minmay_the_grid_octo_thin_diamonds,
          minmay_the_grid_octo_vomiting_pacman,
          minmay_the_grid_octo_checkerflower, minmay_the_grid_octo_prize_big_c,
          minmay_the_grid_square_5x5_shuriken,
          minmay_the_grid_square_5x5_pentomino_r,
          minmay_the_grid_square_5x5_six_small,
          minmay_the_grid_square_5x5_inverted_slash], layout_basic
D:10:     layout_roguey, nicolae_ru_path_of_blood, orc_0_dummy,
          hangedman_feature_mirror
D:11:     layout_roguey, lair_entry_dummy, gammafunk_ghost_spectres,
          serial_shops, nicolae_diamond_shop, roderic_lattice_a
D:12:     layout_rooms, serial_shops, shop_coins
D:13:     layout_irregular_city, hangedman_incinerator
D:14:     layout_loops_ring, skrybe_vaults_entry_preservation, serial_shops,
          kennysheep_mini, nicolae_dithmenos_shadow_blocks, uniq_azrael
D:15:     grunt_enter_depths_snipers, layout_gridville,
          nicolae_kite_square_tiling_tiny, gammafunk_ghost_smash
Temple:   eino_narrow_crystal_temple
Lair:1:   layout_roguey, grunt_megastairs_2
Lair:2:   layout_layer_cave, minmay_swamp_entry_eels,
          nicolae_lair_liquid_snakes, infiniplex_staircase_pool_2,
          grunt_megastairs_1
Lair:3:   layout_cave_pods, nicolae_spider_entry_tight_spaces,
          grunt_megastairs_3, uniq_amaemon
Lair:4:   layout_long_grid, serial_bayou_pond_e, bobbens_ice_dragon_lair,
          serial_bayou_shore_b
Lair:5:   minmay_lair_end_frog_pond, layout_gridlike, slime_entry_1,
          chequers_serial_rivers_large_b, uniq_josephine
Swamp:1:  layout_falls_marsh, nicolae_swamp_bean_lake
Swamp:2:  layout_basic_swamp, evilmike_swamp_ruin_house_4, swamp_pool5,
          nicolae_swamp_spooky_pond
Swamp:3:  layout_basic_swamp, nicolae_swamp_fairy_circle
Swamp:4:  swamp_alternative, layout_basic_swamp, swamp_pool2,
          evilmike_swamp_ruin_rubble_1
Spider:1: layout_chambers
Spider:2: layout_spider_delve, nicolae_arachne_temple
Spider:3: layout_spider_delve
Spider:4: grunt_spider_rune_circles, nzn_ghost_randoct
Orc:1:    layout_diamond_mine, basic_altar, minmay_orc_temple_b, uniq_erolcha
Orc:2:    st_orc_mages, layout_diamond_mine
Elf:1:    elf_arrival_002, layout_onion_city, serial_shops, shop, shop, shop,
          shop_statue, shop, minmay_elf_annihilation, minivault_14
Elf:2:    nicolae_elf_blades_splatter_lattice [mumra_blade_entry_bloodbath],
          layout_loops_cross
Elf:3:    grunt_elf_hall_branching, layout_gridlike,
          portal_ice_cave_entry_ugly_swarm, serial_shops, bzr_entry_islet,
          basic_altar
Vaults:1: nicolae_vaults_whirlpool_walls, hangedman_vaults_stitches,
          nicolae_vaults_sesquioval_fish, nicolae_vaults_wine_cellar,
          vaults_room_hallway, nicolae_vaults_windows_and_doors_thing,
          v_rooms_4, v_misc_5, ontoclasm_vaults_idyll, v_alt_pattern_1,
          v_misc_23, nicolae_vaults_tetromino_T_2, serial_ice_g,
          nicolae_vaults_shelves_hall, layout_vaults_big_cross
Vaults:2: minmay_crypt_entry_simple_box, nicolae_vaults_double_plus_2,
          nicolae_vaults_network_square, nicolae_vaults_trapezoid_lopsided_3,
          nicolae_vaults_house_2, layout_vaults_omnigrid, serial_shops,
          bzr_entry_lakeside, uniq_jory
Vaults:3: nicolae_vaults_alarming, ontoclasm_vaults_fault, grunt_vaults_twisty,
          nicolae_vaults_closet_pinwheel_3, hangedman_vaults_maws,
          ontoclasm_vaults_tryst, nicolae_vaults_mitosis, v_misc_8,
          nicolae_vaults_layer_cake_slice, v_misc_2, vaults_room_pools,
          nicolae_vaults_asterisk, dpeg_vaults_pockets_of_resistance,
          vaults_dpeg_diagonal, layout_vaults_ring
Vaults:4: nicolae_vaults_trapezoid_lopsided_4, nicolae_vaults_trapezoid_3,
          ontoclasm_vaults_chip, v_pattern_4, dpeg_vaults_monster_row,
          nicolae_vaults_network_quinsquares
          [nicolae_vaults_network_quincunx_subvault,
          nicolae_vaults_network_quincunx_subvault,
          nicolae_vaults_network_quincunx_subvault,
          nicolae_vaults_network_quincunx_subvault],
          nicolae_vaults_variable_pillar_hall, nicolae_vaults_little_squares_6,
          nicolae_vaults_storage_closets_3, nicolae_vaults_closet_pinwheel_1,
          ontoclasm_vaults_ring_small, nicolae_vaults_two_Ls,
          layout_vaults_chaotic_city, uniq_bai_suzhen, uniq_aizul
Vaults:5
Depths:1: layout_gridville, grunt_hell_entry_demonic_statue,
          nicolae_two_hexagons, serial_shops, kennysheep_mini_moat,
          grunt_ministairs_2, kennysheep_cross_bottleneck, hellmonk_scale_shop,
          serial_bayou_shore_a, minmay_shop_grove
Depths:2: kennysheep_funnel, layout_basic, enter_ziggurat_e,
          cheibriados_altar_1, hangedman_coc_ice_floe, rand_demon_pan_entry_8,
          chequers_serial_rivers_small_b, uniq_nikola, uniq_mara
Depths:3: four-leaf_vault, layout_cave_pools, hangedman_abyss_entry_splay,
          hangedman_tar_grid_catacomb, serial_sigils_hangedman_scar,
          serial_column_ruins, column_ruins_portal_squares,
          column_ruins_square_large, column_ruins_temple_hut,
          column_ruins_grid_3, column_ruins_columns_dead_end,
          column_ruins_open_small, column_ruins_open_small
Depths:4: grunt_zot_entry_gee_three, layout_honeycomb, hell_entry, serial_shops,
          shop, minmay_misc_feat_five, rand_demon_pan_entry_4, uniq_saint_roka,
          uniq_mennas, uniq_parghit
Zot:1:    layout_misc_corridors, grunt_megastairs_4
Zot:2:    grunt_zot_stairs_faceoff, layout_onion_interference,
          grunt_ministairs_7, hangedman_zot_decor_tridents
Zot:3:    layout_basic
Zot:4:    nicolae_moth_party, layout_cellular_growth, st_stairs_2
Zot:5:    layout_onion, st_stairs_13

Skill      XL: |  1  2  3  4  5  6  7  8  9 10 11 12 13 14 15 16 17 18 19 20 21 22 23 24 25 |
---------------+----------------------------------------------------------------------------+-----
Spellcasting   | 3 4 5 6 7 9 10 12 | 12.0
Conjurations   | 5 7 8 9 10 11 13 15 16 17 18 19 20 21 22 24 25 | 25.2
Dodging        | 3 5 7 8 10 | 10.1
Fighting       | 3 5 8 11 13 15 17 18 19 21 23 25 26 27 | 27.0
Fire Magic     | 7 12 13 16 18 21 23 24 25 | 25.9
Shields        | 6 9 10 | 10.0
Staves         | 7 11 12 | 12.0
Evocations     | 3 |  3.9
Stealth        | |  1.7

Action                     |  1- 3 |  4- 6 |  7- 9 | 10-12 | 13-15 | 16-18 | 19-21 | 22-24 | 25-27 || total
---------------------------+-------+-------+-------+-------+-------+-------+-------+-------+-------++-------
  Melee: Unarmed           |     7 |       |       |       |       |       |       |       |       ||     7
         Tailslap          |     3 |     7 |     1 |    13 |    10 |    22 |    41 |    49 |     3 ||   149
         Short sword       |     8 |    35 |    11 |    89 |     4 |       |       |       |       ||   147
         Punch             |       |       |       |     1 |       |       |       |       |       ||     1
         Staff             |       |       |       |       |    59 |   119 |   204 |   185 |    11 ||   578
  Throw: Dart              |       |       |       |    32 |     1 |       |       |       |       ||    33
         Throwing net      |       |       |       |     3 |       |     1 |       |     2 |       ||     6
   Cast: Magic Dart        |    47 |    76 |   230 |   182 |    47 |     2 |       |       |       ||   584
         Searing Ray       |       |     4 |     5 |     2 |       |     1 |       |       |       ||    12
         Fulminant Prism   |       |       |    19 |    96 |   145 |    13 |    13 |     4 |       ||   290
         Iskenderun's Myst |       |       |     9 |   146 |   278 |    53 |    26 |    44 |    17 ||   573
         Iron Shot         |       |       |       |       |   106 |   320 |   262 |   351 |   110 ||  1149
         Starburst         |       |       |       |       |    35 |   181 |   213 |    76 |     6 ||   511
         Orb of Destructio |       |       |       |       |     1 |    38 |    83 |    72 |    20 ||   214
         Ignition          |       |       |       |       |       |       |    10 |    70 |       ||    80
         Fire Storm        |       |       |       |       |       |       |       |    31 |    26 ||    57
Ability: Breathe Steam     |       |       |    12 |    26 |     3 |     7 |       |       |       ||    48
  Evoke: Wand              |       |       |       |     8 |       |    21 |     1 |     4 |       ||    34
    Use: Scroll            |       |     4 |     3 |     6 |    19 |     7 |    12 |    15 |     1 ||    67
         Potion            |       |     1 |       |     1 |     1 |     1 |     6 |     2 |     7 ||    19
   Stab: Sleeping          |       |       |       |       |       |     1 |       |     1 |       ||     2
 Armour: Skin              |     8 |    27 |    43 |   102 |   122 |   161 |   146 |   125 |    22 ||   756
  Dodge: Dodged            |    18 |    45 |    46 |   220 |   243 |   269 |   195 |   158 |    34 ||  1228
  Block: Kite shield       |       |       |       |       |       |   204 |   214 |   211 |    43 ||   672
